 Dungeon Crawl Stone Soup version 0.29-a0-359-g541a27f54d (webtiles) character file.

Game seed: 11249035014114540274

25 Morbidden the Covered (level 2, 24/24 HPs)
             Began as a Demonspawn Fighter on Apr 27, 2022.
             Was a Follower of Sif Muna.
             Quit the game on level 2 of the Dungeon.
             The game lasted 00:01:25 (962 turns).

Morbidden the Covered (Demonspawn Fighter)           Turns: 962, Time: 00:01:25

Health: 24/24      AC: 15    Str: 16    XL:     2   Next: 82%
Magic:  2/2        EV:  6    Int:  9    God:    Sif Muna [*.....]
Gold:   148        SH:  4    Dex: 12    Spells: 1/1 levels left

rFire   . . .      SeeInvis .   a - +0 war axe
rCold   . . .      Faith    .   c - +0 buckler
rNeg    . . .      Spirit   .   b - +0 chain mail
rPois   .          Reflect  .   j - +2 helmet
rElec   .          Harm     .   (no cloak)
rCorr   .          Rampage  .   (no gloves)
Will    .....                   l - +0 pair of boots
Stlth   ..........              (no amulet)
HPRegen 0.08/turn               (no ring)
MPRegen 0.08/turn               (no ring)

@: no status effects
A: icy blue scales 1
a: Renounce Religion, Channel Magic


You were on level 2 of the Dungeon.
You worshipped Sif Muna.
Sif Muna was aware of your devotion.
You visited 1 branch of the dungeon, and saw 2 of its levels.

You collected 148 gold pieces.

Inventory:

Hand Weapons
 a - a +0 war axe (weapon)
Missiles
 i - 38 stones (quivered)
Armour
 b - a +0 chain mail (worn)
 c - a +0 buckler (worn)
 j - a +2 helmet (worn)
 l - a +0 pair of boots (worn)
Scrolls
 f - a scroll of identify {unknown}
 g - 3 scrolls of silence {unknown}
 h - a scroll of immolation {unknown}
 m - a scroll of acquirement {unknown}
 n - a scroll of amnesia {unknown}
Potions
 d - a potion of might
 e - 4 potions of flight {unknown}
 k - 2 potions of attraction {unknown}


   Skills:
 + Level 3.1 Fighting
 + Level 2.0 Axes
 + Level 3.3 Armour
 + Level 2.9 Shields


You had one spell level left.
You didn't know any spells.
Your spell library was empty.

Dungeon Overview and Level Annotations

Branches:
Dungeon (2/15)

Altars:
Sif Muna

Shops:
D:1 *[((


Innate Abilities, Weirdness & Mutations

You are partially covered in icy blue scales. (AC +2)


Message History

No target in view!
No target in view!
You now have 148 gold pieces (gained 18).
i - 38 stones (gained 24)
n - a scroll labelled ITHRIB RIPIEP No target in view!
You see here 5 poisoned darts.
Key pressed, stopping explore.
No target in view!
Found a leather armour.
No target in view!
You see here a +0 leather armour.
You open the door.
A bat comes into view.
Found a faded altar of an unknown god.
No reachable target in view!
A bat is nearby!
No reachable target in view!
A bat is nearby!
No reachable target in view!
No reachable target in view!
A bat is nearby!
No reachable target in view!
A bat is nearby!
A bat is nearby!
A bat is nearby!
A bat is nearby!
You aren't carrying any pieces of jewellery.
Unknown command.
A bat is nearby!
A bat is nearby!
There is an open door here.
There is a faded altar of an unknown god here.
You cannot tell which god this altar belongs to.
Convert to them anyway?
Sif Muna accepts your prayer! Sif Muna welcomes you!
You can now call upon Sif Muna for magical energy.
Unknown command.
Press < or > to pray at altars.
Are you sure you want to abandon this character and quit the game? (Confirm with "yes".)

.# ############### .# ####≈≈≈≈
#.......# .### #≈≈≈≈≈≈≈
#.#####.# ... ≈≈≈≈≈≈≈≈≈# #.#
.[# . ≈≈≈≈≈≈≈## #.# ..# ..≈
#####≈≈ #.# ..# .≈≈≈≈#...###
#.# <.######..≈≈≈b#.@.'.## #.#
..........≈≈≈≈#...#..######.###
....####.#≈≈ #####≈..[.......#
.##.# .## ≈≈≈≈≈≈≈≈######.#.#
.##.# ..# ≈≈≈≈≈≈≈≈≈ #.#.# .##.#
#.##≈≈≈≈≈≈≈≈### #.#.# .##.#
#.####≈≈≈≈#.# #.#.#
.##†#####.#######.#.# #.#.#
.##..........÷....#.# #.#.#


You could see a bat.

Vanquished Creatures
  An adder (D:2)
  A dart slug (D:1)
  An endoplasm (D:1)
  3 goblins
  A quokka (D:1)
  3 ball pythons
  A bat (D:1)
  A frilled lizard (D:1)
  2 rats (D:2)
14 creatures vanquished.

Notes
Turn   | Place    | Note
-------+----------+-------------------------------------------
     0 | D:1      | Morbidden the Demonspawn Fighter began the quest for the
                  | Orb.
     0 | D:1      | Reached XP level 1. HP: 18/18 MP: 1/1
    23 | D:1      | Found Jiraus's Armour Shoppe.
    26 | D:1      | Found Kaum's Antique Weapon Shop.
   206 | D:1      | Found Konwuttedwo's Weapon Shoppe.
   406 | D:1      | Found Dasoh's General Store.
   524 | D:1      | Gained mutation: You are partially covered in icy blue
                  | scales. (AC +2) [demonic ancestry]
   524 | D:1      | Reached XP level 2. HP: 24/24 MP: 2/2
   957 | D:2      | Found a faded altar of an unknown god.
   961 | D:2      | Prayed at the altar of an unknown god.
   961 | D:2      | Became a worshipper of Sif Muna the Loreminder
   961 | D:2      | Reached * piety under Sif Muna
   962 | D:2      | Quit the game

Illustrated notes

Levels and vault maps discovered:
D:1:      tarquinn_simple_flora_water_a, layout_basic, serial_shops, shop_coins,
          nicolae_shop_statue_plus, nicolae_shop_behind_doors, shop
D:2:      layout_loops_ring, nicolae_ecumenical_lake_church

Skill      XL: |  1  2 |
---------------+-------+-----
Armour         | 3 |  3.3
Axes           | 2 |  2.0
Fighting       | |  3.1
Shields        | |  2.9

Action                   || total
-------------------------++-------
Melee: War axe           ||    36
Armor: Chain mail        ||    19
       Scale mail        ||     2
Dodge: Dodged            ||     8
Block: Buckler           ||    11

Table legend: (Time is in decaauts)
 A = Elapsed time spent in this place.
 B = Non-inter-level travel time spent in this place.
 C = Inter-level travel time spent in this place.
 D = Time resting spent in this place.
 E = Time spent auto-exploring this place.
 F = Levels seen in this place.
 G = Mean time per level.
                   A        B        C        D        E       F      G
               +--------+--------+--------+--------+--------+-----+--------+
         Total |    978 |    954 |     24 |      0 |    800 |   2 |  489.0 |
       Dungeon |    978 |    954 |     24 |      0 |    800 |   2 |  489.0 |
               +--------+--------+--------+--------+--------+-----+--------+

Top non-repeatable levels by time:
     D:1: 554 daAuts
     D:2: 424 daAuts
